 Dungeon Crawl Stone Soup version 0.25-a0-346-g140ab784a8 (webtiles) character file.

Game seed: 217383091862092045, levelgen mode: deterministic

351 BritishOli the Ducker (level 6, 43/48 HPs)
             Began as a Demonspawn Gladiator on Jan 1, 2020.
             Got out of the dungeon alive.
             The game lasted 00:03:16 (2442 turns).

BritishOli the Ducker (Demonspawn Gladiator)        Turns: 2442, Time: 00:03:16

Health: 43/48      AC:  8    Str: 16    XL:     6   Next: 34%
Magic:  6/6        EV: 14    Int:  9    God:
Gold:   203        SH:  0    Dex: 15    Spells: 5/5 levels left

rFire    . . .     SeeInvis +   a - +0 long sword
rCold    . . .     Gourm    .   (no shield)
rNeg     + . .     Faith    .   b - +0 leather armour
rPois    .         Spirit   +   c - +0 helmet
rElec    .         Reflect  .   (no cloak)
rCorr    .         Harm     .   r - +1 pair of gloves
MR       .....                  (no boots)
Stlth    +.........             (no amulet)
HPRegen  0.16/turn              o - ring of see invisible
MPRegen  0.10/turn              p - ring of positive energy

@: no status effects
A: hooves 1, icy blue scales 1, spiny 1, magic shield
a: no special abilities


You escaped.
You were very hungry.

You visited 2 branches of the dungeon, and saw 6 of its levels.

You collected 203 gold pieces.

Inventory:

Hand Weapons
 a - a +0 long sword (weapon)
Missiles
 d - 3 throwing nets (quivered)
Armour
 b - a +0 leather armour (worn)
 c - a +0 helmet (worn)
 r - a +1 pair of gloves (worn)
Jewellery
 o - a ring of see invisible (left hand)
 p - a ring of positive energy (right hand)
Wands
 u - a wand of acid (5)
Scrolls
 g - 5 scrolls of enchant weapon {unknown}
 i - 2 scrolls of fear {unknown}
 j - 2 scrolls of immolation {unknown}
 k - 2 scrolls of identify {unknown}
 m - 4 scrolls of fog {unknown}
 n - a scroll of teleportation {unknown}
 s - a scroll of remove curse {unknown}
 w - a scroll of amnesia {unknown}
Potions
 e - a potion of flight {unknown}
 h - 4 potions of heal wounds
 l - 3 potions of invisibility {unknown}
 q - a potion of haste {unknown}
 t - a potion of degeneration {unknown}
 x - a potion of cancellation {unknown}
Comestibles
 f - 5 rations


   Skills:
 + Level 3.7 Fighting
 + Level 4.0 Long Blades
 + Level 3.3 Throwing
 + Level 4.0 Dodging


You had 5 spell levels left.
You didn't know any spells.
Your spell library was empty.

Dungeon Overview and Level Annotations

Branches:
Dungeon (5/15)             Temple (1/1) D:4

Altars:
Ashenzari
Cheibriados
Dithmenos
Elyvilon
Fedhas
Hepliaklqana
Kikubaaqudgha
Nemelex Xobeh
Qazlal
Ru
Trog
Uskayaw
Vehumet
Wu Jian
Xom
Yredelemnul
Zin

Annotations:
D:5 Pikel


Innate Abilities, Weirdness & Mutations

You have large cloven feet.
You are partially covered in icy blue scales. (AC +2)
You are partially covered in sharp spines.
When hurt, damage is shared between your health and your magic reserves.


Message History

Unknown command.
You barely miss the gnoll. You kick the gnoll.
You kill the gnoll!
Unknown command.
No target in view!
Unknown command.
(D) Dungeon (T) Temple
Where to? (Enter - D:1, ? - help) Magic restored.
There is a stone staircase leading up here.
You climb upwards.
There is a stone staircase leading down here.
(D) Dungeon (T) Temple
Where to? (Enter - D:1, ? - help)
Okay, then.
There are no items here.
There is an open door here.
There is a staircase leading out of the dungeon here.
Are you sure you want to leave the Dungeon?
This will make you lose the game!
You have escaped!

#.###.###.#.#.#######.##>#.......
#.# #.# #.#.#............#.######
#.# #.# #.#.#.##.####..#........)
#.# #.# #.##############.#.######
#.# #.# ###○°≈§#.#≈≈○≈##........#
#.# #.####☼○☼○○#.#≈°○☼°#.#.####.#
#.###....#°≈#○ #.# ≈#☼≈#.#.####.#
.........#○°°≈○#.#§☼≈≈○#.#.......
#..##....#☼☼○☼○#@#○○○≈≈#.###.#...
##.###.###°≈☼○☼#.#°☼○§°#.#...#...
#.# #.# #°☼○○≈#.#≈☼≈○≈#.#.#####.
#.# #.# #☼≈#≈°#.#☼○#○≈#.#...#...
#.# #.###≈≈°≈○#.#≈○°○○#.###.#...
#.# #.#.##≈≈≈≈#'#§°≈≈##.# #...##
##.###.##.######.#######.####.##
............#.#)..............#
.#.#.#.......(..#########.#####


There were no monsters in sight!

Vanquished Creatures
  A slave (D:4)
  An ogre (D:4)
  A water moccasin skeleton (D:3)
  A howler monkey (D:5)
  A hound (Temple)
  An orc priest (D:4)
  4 gnolls (D:2)
  An adder (D:3)
  An ooze (D:3)
  A worm (D:3)
  A dart slug (D:3)
  3 leopard geckos (D:3)
  3 orcs (D:4)
  A ball python (D:1)
  3 giant cockroaches
  A goblin (D:1)
  7 hobgoblins
  8 jackals
  A quokka (D:4)
  6 bats
  3 frilled lizards
  9 kobolds
  2 rats
61 creatures vanquished.

Notes
Turn   | Place    | Note
-------+----------+-------------------------------------------
     0 | D:1      | BritishOli the Demonspawn Gladiator began the quest for the
                  | Orb.
     0 | D:1      | Reached XP level 1. HP: 16/16 MP: 1/1
   138 | D:1      | Gained mutation: You are partially covered in icy blue
                  | scales. (AC +2) [demonic ancestry]
   138 | D:1      | Reached XP level 2. HP: 20/22 MP: 2/2
   593 | D:1      | Found an ancient bone altar of Kikubaaqudgha.
   595 | D:1      | Found a hide-covered altar of Uskayaw.
   595 | D:1      | Found a shattered altar of Ashenzari.
   597 | D:1      | Found a shimmering altar of Xom.
   597 | D:1      | Found a shimmering altar of Xom.
   597 | D:1      | Found a blossoming altar of Fedhas.
   830 | D:3      | Gained mutation: You are partially covered in sharp spines.
                  | [demonic ancestry]
   830 | D:3      | Reached XP level 3. HP: 12/28 MP: 3/3
  1010 | D:3      | You fall into a shaft and drop 2 floors!
  1010 | D:5      | Entered Level 5 of the Dungeon
  1042 | D:5      | Reached XP level 4. HP: 23/34 MP: 4/4
  1062 | D:5      | Noticed a slave
  1062 | D:5      | Noticed a slave
  1064 | D:5      | Noticed Pikel
  1097 | D:4      | Found a staircase to the Ecumenical Temple.
  1106 | Temple   | Entered the Ecumenical Temple
  1321 | D:4      | Killed a slave
  1554 | D:4      | Noticed an ogre
  1563 | D:4      | Killed an ogre
  1563 | D:4      | Gained mutation: You have large cloven feet. [demonic
                  | ancestry]
  1563 | D:4      | Reached XP level 5. HP: 35/41 MP: 5/5
  2240 | D:3      | Gained mutation: When hurt, damage is shared between your
                  | health and your magic reserves. [demonic ancestry]
  2240 | D:3      | Reached XP level 6. HP: 35/47 MP: 6/6
  2442 | D:$      | Got out of the dungeon alive.

Levels and vault maps discovered:
D:1:      saegor_arrival_miasma, layout_loops_ring, kennysheep_nondescript,
          doesnt_xom_only_xom
D:2:      wad_lake_hut, layout_rooms, first_ration, serial_curves,
          eino_curves_03, eino_curves_01
D:3:      layout_loops_corners, portal_sewer_entry_f, kennysheep_generic_room_15
D:4:      layout_cave_pools, minmay_temple_entry_large_hall
D:5:      layout_loops_cross, uniq_pikel, uniq_sigmund
Temple:   nicolae_temple_elliptical

Skill      XL: |  1  2  3  4  5  6 |
---------------+-------------------+-----
Throwing       | 2 3 |  3.3
Long Blades    | 3 4 |  4.0
Dodging        | 3 4 |  4.0
Fighting       | 3 |  3.7

Action                   |  1- 3 |  4- 6 || total
-------------------------+-------+-------++-------
Melee: Long sword        |    99 |    78 ||   177
       Kick              |       |    15 ||    15
 Stab: Sleeping          |     2 |       ||     2
  Eat: Chunk             |       |     4 ||     4
Armor: Leather armour    |    39 |    25 ||    64
Dodge: Dodged            |    80 |    69 ||   149
       Rpst.: Long sword |    21 |    24 ||    45

Table legend:
 A = Non-vault XP
 B = Vault XP
 C = Vault XP percentage of total XP
 D = Non-vault monster count
 E = Vault monster count
 F = Vault count percentage of total count
                 A         B        C        D         E       F
            +---------+---------+-------+---------+---------+-------
      Total |     489 |      13 |   2.6 |      55 |       5 |   8.3
            +---------+---------+-------+---------+---------+-------
        D:1 |      34 |       0 |   0.0 |      20 |       0 |   0.0
        D:2 |      60 |       0 |   0.0 |       7 |       0 |   0.0
        D:3 |     123 |      13 |   9.6 |      19 |       5 |  20.8
        D:4 |     173 |       0 |   0.0 |       6 |       0 |   0.0
        D:5 |      55 |       0 |   0.0 |       1 |       0 |   0.0
     Temple |      44 |       0 |   0.0 |       2 |       0 |   0.0
            +---------+---------+-------+---------+---------+-------
